 Dungeon Crawl Stone Soup version 0.31.0-11-ge490571c62 (webtiles) character file.

Game seed: 2341726917810778264

61 qw the Shooter (level 3, 0/20 HPs)
             Began as a Deep Elf Hunter on Feb 4, 2024.
             Slain by an adder (1 damage)
             ... on level 2 of the Dungeon.
             The game lasted 00:00:05 (798 turns).

qw the Shooter (Deep Elf Hunter)                     Turns: 798, Time: 00:00:06

Health: 0/20       AC:  9    Str: 10    XL:     3   Next: 83%
Magic:  5/5        EV: 11    Int: 13    God:
Gold:   85         SH:  0    Dex: 18    Spells: 2/2 levels left

rFire   . . .        a - +1 shortbow
rCold   . . .        (shield currently unavailable)
rNeg    . . .        f - +1 ring mail
rPois   .            (no helmet)
rElec   .            (no cloak)
rCorr   .            h - +2 pair of gloves
SInv    .            (no boots)
Will    .....        (no amulet)
Stlth   +            (no ring)
HPRegen 0.23/turn    (no ring)
MPRegen 0.09/turn

%: no passive effects
@: lethally poisoned (0 -> -1)
A: no striking features
a: no special abilities


You were on level 2 of the Dungeon.
You visited 1 branch of the dungeon, and saw 2 of its levels.

You collected 85 gold pieces.


   Skills:
 - Level 1.5 Fighting
 + Level 7.3 Ranged Weapons
 - Level 2.4 Dodging
 - Level 1.2 Stealth


You had 2 spell levels left.
You didn't know any spells.
Your spell library was empty.

Inventory:

Hand Weapons
 a - a +1 shortbow (weapon)
Armour
 f - a +1 ring mail (worn)
 h - a +2 pair of gloves (worn)
Potions
 b - a potion of enlightenment {unknown}
 g - a potion of haste
 j - a potion of brilliance {unknown}

Dungeon Overview and Level Annotations

Branches:
Dungeon (2/15)

Altars:


Message History

A kobold comes into view.
It is wielding a +0 dagger and quivering poisoned darts.
You shoot an arrow. The arrow barely misses the kobold.
The kobold throws a poisoned dart.
The poisoned dart hits you!
You are poisoned.
You shoot an arrow. The arrow barely misses the kobold.
You feel very sick.
An adder comes into view.
The kobold throws a poisoned dart.
The poisoned dart hits you!
You are more poisoned.
You shoot an arrow. The arrow closely misses the kobold.
The adder hisses angrily.
You feel very sick.
A quokka comes into view.
You shoot an arrow. The arrow barely misses the kobold.
The arrow barely misses the adder.
You feel very sick. The kobold hits you but does no damage.
You shoot an arrow. The arrow barely misses the kobold.
The arrow barely misses the quokka.
The arrow closely misses the adder.
You feel very sick. The kobold closely misses you.
The kobold barely misses you.
You shoot an arrow. The arrow barely misses the kobold.
The arrow closely misses the quokka.
You feel sick. The kobold hits you with a +0 dagger.
You shoot an arrow. The arrow closely misses the kobold.
The arrow hits the quokka!
You kill the quokka!
You feel sick. The kobold closely misses you.
You shoot an arrow. The arrow barely misses the kobold.
The arrow hits the adder.
The adder is lightly wounded.
You feel sick. The kobold closely misses you.
You shoot an arrow. The arrow closely misses the kobold.
The arrow hits the adder.
The adder is heavily wounded.
You feel sick. The kobold hits you but does no damage.
You shoot an arrow. The arrow hits the kobold.
You kill the kobold!
You feel sick. The adder bites you.
You die...

#...# ###.#.###
#...#...## # #.#####..#
... #...#..).# #.#
###.#.##.# # ####...##.#
#
..........########>##.##
#########.......@S......
#.########.##!## #.# #
#######[# #.......#
#.####### # #.# # #.# #
#.#######


You could see an adder.

Vanquished Creatures
  A gnoll (D:1)
  A ribbon worm (D:2)
  3 ball pythons
  6 bats
  6 endoplasms
  3 giant cockroaches (D:2)
  4 quokkas
  2 frilled lizards
  3 goblins (D:1)
  10 kobolds
  10 rats
49 creatures vanquished.

Notes
Turn   | Place    | Note
-------+----------+-------------------------------------------
     0 | D:1      | qw the Deep Elf Hunter began the quest for the Orb.
     0 | D:1      | Reached XP level 1. HP: 12/12 MP: 3/3
     0 | D:1      | 0 ||| qw: Version: 0.3-a-160-g6735b56
     0 | D:1      | 0 ||| qw: Game counter: 5459
     0 | D:1      | 0 ||| qw: Melee chars always use a shield: true
     0 | D:1      | 0 ||| qw: God list: Okawaru
     0 | D:1      | 0 ||| qw: Allow faded altars: false
     0 | D:1      | 0 ||| qw: Do Orc after clearing Dungeon:15 true
     0 | D:1      | 0 ||| qw: Do second Lair branch before Depths: true
     0 | D:1      | 0 ||| qw: Lair rune preference: random
     0 | D:1      | 0 ||| qw: Goals: Normal
     0 | D:1      | 0 ||| PLANNING D:1-11
    58 | D:1      | Reached skill level 6 in Ranged Weapons
    58 | D:1      | Reached XP level 2. HP: 16/16 MP: 4/4
   236 | D:1      | Reached XP level 3. HP: 20/20 MP: 5/5
   389 | D:1      | 389 ||| UPGRADING to +0 ring mail.
   399 | D:1      | 399 ||| DROPPING +0 leather armour.
   400 | D:1      | 400 ||| UPGRADING to +2 pair of gloves.
   405 | D:1      | 405 ||| READING scroll labelled POAVATOJUTZ.
   410 | D:1      | 410 ||| READING scroll labelled ILASUCZAIPH.
   410 | D:1      | 410 ||| ENCHANTING +0 ring mail.
   411 | D:1      | 411 ||| READING scroll labelled HIQYILAAB.
   411 | D:1      | 411 ||| ENCHANTING +0 shortbow.
   412 | D:1      | 412 ||| READING scroll labelled EBONOO DUOCZEC.
   412 | D:1      | 412 ||| IDENTIFYING clear potion
   413 | D:1      | 413 ||| DRINKING 2 bubbling brown potions.
   448 | D:1      | 448 ||| DROPPING scroll of butterflies.
   449 | D:1      | 449 ||| DROPPING potion of lignification.
   473 | D:2      | Reached skill level 7 in Ranged Weapons
   794 | D:2      | HP: 5/20 [kobold/+0 dagger (2)]
   796 | D:2      | HP: 2/20 [poisoned by a kobold]
   798 | D:2      | Slain by an adder

Levels and vault maps discovered:
D:1:      dpeg_arrival_ratfight, layout_rooms
D:2:      layout_loops_ring, kennysheep_generic_room_13

Skill      XL: |  1  2  3 |
---------------+----------+-----
Ranged Weapons | 6 7 |  7.3
Fighting       | |  1.5
Dodging        | |  2.4
Stealth        | |  1.2

Action                     || total
---------------------------++-------
   Fire: Shortbow          ||   134
    Use: Scroll            ||     4
         Potion            ||     1
 Armour: Leather armour    ||    15
         Ring mail         ||    11
  Dodge: Dodged            ||    40

Table legend:
 A = Non-vault XP
 B = Vault XP
 C = Vault XP percentage of total XP
 D = Non-vault monster count
 E = Vault monster count
 F = Vault count percentage of total count
                 A         B        C        D         E       F
            +---------+---------+-------+---------+---------+-------
      Total |      84 |       5 |   5.6 |      44 |       5 |  10.2
            +---------+---------+-------+---------+---------+-------
        D:1 |      52 |       5 |   8.8 |      26 |       5 |  16.1
        D:2 |      32 |       0 |   0.0 |      18 |       0 |   0.0
            +---------+---------+-------+---------+---------+-------
